 Dungeon Sprint DCSS version 0.30-a0-779-g7971cf19c3 (webtiles) character file.

Game seed: 13611823599748771670

609 dialectric the Unseen (level 7, 0/48 HPs)
             Began as an Octopode Brigand on Feb 17, 2023.
             Slain by a water moccasin (2 damage)
             ... in the Dungeon (Sprint II: "The Violet Keep of Menkaure").
             The game lasted 00:00:59 (126 turns).

dialectric the Unseen (Octopode Brigand)             Turns: 126, Time: 00:01:00

Health: 0/48       AC:  1    Str: 12    XL:     7   Next: 43%
Magic:  7/7        EV: 13    Int: 13    God:
Gold:   243        SH:  0    Dex: 10    Spells: 6/6 levels left

rFire   . . .      SeeInvis .    a - +2 dagger
rCold   . . .      Faith    .    (no shield)
rNeg    . . .      Spirit   .    (helmet restricted)
rPois   .          Reflect  .    (no amulet)
rElec   .          Harm     .    (no ring)
rCorr   .          Rampage  .    (no ring)
Will    .....      NoTele   +    (no ring)
Stlth   ++++++++                 (no ring)
HPRegen 0.28/turn                (no ring)
MPRegen 0.10/turn                (no ring)
                                 (no ring)
                                 (no ring)

@: lethally poisoned (0 -> -14)
A: almost no armour, amphibious, 8 rings, camouflage 1, gelatinous body 1,
(nimble swimmer 1), tentacles, clumsy 2, deterioration 1, screaming 1, inability
to drink after injury 1
a: no special abilities


You were in the Dungeon.
You visited 1 branch You collected 243 gold pieces.

Inventory:

Hand Weapons
 a - a +2 dagger (weapon)
Missiles
 b - 9 poisoned darts (quivered)
 c - 3 curare-tipped darts
Scrolls
 i - a scroll of blinking
Potions
 f - a potion of haste
 g - 2 potions of magic


   Skills:
 + Level 4.0 Fighting
 + Level 5.0 Short Blades
 + Level 3.9 Throwing
 + Level 2.0 Dodging
 * Level 19.5 Stealth


You had 6 spell levels left.
You didn't know any spells.
Your spell library was empty.

Dungeon Overview and Level Annotations

Branches:
Dungeon (1/1)

Altars:

Shops:
D :[

Annotations:
D Roxanne


Innate Abilities, Weirdness & Mutations

You cannot wear most types of armour.
You are amphibious.
You can wear up to eight rings at the same time.
Your skin changes colour to match your surroundings (Stealth+).
Your rubbery body absorbs attacks. (AC +1, EV +1)
((You are camouflaged when in or above water. (Stealth+)))
You have tentacles for arms and can constrict up to eight enemies at once.
You are very clumsy. (Dex -4)
Your body sometimes deteriorates upon taking damage.
You occasionally shout uncontrollably at your foes.
You occasionally lose the ability to drink potions when taking damage.


Message History

Something unseen opens the door.
The neqoxec shouts!
The water moccasin hisses angrily.
You hit the neqoxec. Your grab misses the neqoxec.
The neqoxec is lightly wounded.
The neqoxec hits you.
You barely miss the neqoxec. Your grab misses the neqoxec.
You squeeze the neqoxec, but do no damage.
The neqoxec is lightly wounded.
The water moccasin closely misses you.
You barely miss the neqoxec. You grab the neqoxec.
The neqoxec is lightly wounded.
You constrict the neqoxec. The water moccasin bites you!
You are poisoned.
The water moccasin poisons you! The neqoxec completely misses you.
You hit the neqoxec but do no damage.
You squeeze the neqoxec, but do no damage.
The neqoxec is lightly wounded.
You constrict the neqoxec.
You feel very sick. The water moccasin bites you.
The neqoxec barely misses you.
You hit the neqoxec. You squeeze the neqoxec.
The neqoxec is moderately wounded.
The walls and floor vibrate strangely for a moment.
You constrict the neqoxec.
You feel sick. The water moccasin bites you.
* * * LOW HITPOINT WARNING * * *
You are lethally poisoned!
The water moccasin poisons you!
You release your grip on the neqoxec.
* * * LOW HITPOINT WARNING * * *
You feel very sick. The neqoxec hits you.
* * * LOW HITPOINT WARNING * * *
You hit the neqoxec. You grab the neqoxec.
You squeeze the neqoxec, but do no damage.
The neqoxec is heavily wounded.
You constrict the neqoxec.
* * * LOW HITPOINT WARNING * * *
You feel very sick. The water moccasin bites you.
You die...

..§~~~~~~##
.~§8§.~~.#
§~§§§.. # §§§§.
###~~#+++#'§+##
##~~~...~.....#
.#~~~~†##'##..#
∩#~~~~##3S.## #
.#~~~~#.@#..#
∩#~~# ##.#.##
.#~##. ##†##
.#~#.B.##.###
.+ #+.<.+#
#.B$##.##.# ##.
#+# .# # #


You could see Roxanne, a neqoxec and a water moccasin.

Vanquished Creatures
  2 neqoxecs (D)
  A water moccasin (D)
  4 necrophages (D)
7 creatures vanquished.

Notes
Turn   | Place    | Note
-------+----------+-------------------------------------------
     0 | D        | dialectric the Octopode Brigand began the quest for the
                  | Orb.
     0 | D        | Reached XP level 1. HP: 14/14 MP: 1/1
     1 | D        | Noticed a boulder beetle
     1 | D        | Noticed a boulder beetle
     4 | D        | Noticed a necrophage
     4 | D        | Noticed a necrophage
     4 | D        | Noticed a necrophage
     4 | D        | Noticed a necrophage
     9 | D        | Killed a necrophage
    10 | D        | Reached skill level 11 in Stealth
    10 | D        | Reached XP level 2. HP: 20/20 MP: 2/2
    10 | D        | Reached XP level 3. HP: 25/25 MP: 3/3
    10 | D        | Reached XP level 4. HP: 30/30 MP: 4/4
    12 | D        | Killed a necrophage
    13 | D        | Reached skill level 13 in Stealth
    13 | D        | Reached XP level 5. HP: 36/36 MP: 5/5
    15 | D        | Reached skill level 14 in Stealth
    18 | D        | Reached skill level 15 in Stealth
    18 | D        | Reached XP level 6. HP: 42/42 MP: 6/6
    39 | D        | Identified Roxanne's Almanac of Transmigration
    39 | D        | Noticed Roxanne
    41 | D        | Noticed a water moccasin
    43 | D        | Found Cietenk's Book Boutique.
    43 | D        | Found Veneugac's Antique Armour Shop.
    44 | D        | Killed a water moccasin
    45 | D        | Reached skill level 17 in Stealth
    53 | D        | Noticed a neqoxec
    56 | D        | Gained mutation: You occasionally shout uncontrollably at
                  | your foes. [a neqoxec]
    56 | D        | Noticed a neqoxec
    60 | D        | Gained mutation: You occasionally lose the ability to drink
                  | potions when taking damage. [a neqoxec]
    61 | D        | Gained mutation: Your body sometimes deteriorates upon
                  | taking damage. [a neqoxec]
    62 | D        | Gained mutation: You are clumsy. (Dex -2) [a neqoxec]
    72 | D        | Killed a neqoxec
    73 | D        | Reached skill level 18 in Stealth
    73 | D        | Reached XP level 7. HP: 28/47 MP: 7/7
    74 | D        | Gained mutation: You are very clumsy. (Dex -4) [a neqoxec]
    86 | D        | Killed a neqoxec
    87 | D        | Reached skill level 5 in Short Blades
    87 | D        | Reached skill level 19 in Stealth
    87 | D        | Noticed a neqoxec
   126 | D        | HP: 2/48 [poisoned by a water moccasin]
   126 | D        | Slain by a water moccasin

Illustrated notes

Levels and vault maps discovered:
D:        the_violet_keep_of_menkaure [sprint2_stairs_cluster_1,
          sprint2_shoproom, sprint2_temple, sprint2_basic_supplies,
          sprint2_obstacle_1, sprint2_obstacle_5, sprint2_obstacle_6,
          sprint2_obstacle_7, sprint2_obstacle_2, sprint2_timed_cluster_1,
          sprint2_smallroom_cluster_1, sprint2_smallroom_final_cluster_1,
          sprint2_transparent_cluster_1, sprint2_second_timed_cluster_1,
          sprint2_sniper_area_1, sprint2_heavy_combat_area_1,
          sprint2_mutation_trap_area_1, sprint2_forest_area_1,
          sprint2_light_combat_area_1, sprint2_behind_water_1,
          sprint2_near_end_vault_1]

Skill      XL: |  1  2  3  4  5  6  7 |
---------------+----------------------+-----
Stealth        | 11 13 15 18 19 | 19.5
Short Blades   | 3 4 5 |  5.0
Fighting       | 3 4 |  4.0
Throwing       | 3 |  3.9
Dodging        | 2 |  2.0

Action                     |  1- 3 |  4- 6 |  7- 9 || total
---------------------------+-------+-------+-------++-------
  Melee: Dagger            |     4 |    18 |    19 ||    41
         Constrict         |     1 |     4 |     3 ||     8
         Tentacles         |       |     5 |     7 ||    12
         Punch             |       |       |     1 ||     1
    Use: Potion            |     1 |     1 |     1 ||     3
   Stab: Sleeping          |       |     1 |       ||     1
 Armour: Skin              |       |       |     1 ||     1
  Dodge: Dodged            |     1 |     1 |     8 ||    10

Table legend: (Time is in decaauts)
 A = Elapsed time spent in this place.
 B = Non-inter-level travel time spent in this place.
 C = Inter-level travel time spent in this place.
 D = Time resting spent in this place.
 E = Time spent auto-exploring this place.
 F = Levels seen in this place.
 G = Mean time per level.
                   A        B        C        D        E       F      G
               +--------+--------+--------+--------+--------+-----+--------+
         Total |    123 |    123 |      0 |     43 |      0 |   1 |  123.0 |
       Dungeon |    123 |    123 |      0 |     43 |      0 |   1 |  123.0 |
               +--------+--------+--------+--------+--------+-----+--------+

Top non-repeatable levels by time:
       D: 123 daAuts
